 Dungeon Crawl Stone Soup version 0.20.1-1-g8b1a95d (webtiles) character file.

4386 dmj the Cleaver (level 10, -7/86 HPs)
             Began as a Minotaur Fighter on July 31, 2017.
             Was an Initiate of Gozag.
             Mangled by an orc warrior
             ... wielding a +0 glaive
             ... led by an orc knight
              (42 damage)
             ... on level 1 of the Orcish Mines.
             The game lasted 00:33:55 (7507 turns).

dmj the Cleaver (Minotaur Fighter)                  Turns: 7507, Time: 00:33:57

Health: -7/86      AC: 14    Str: 30    XL:     10   Next: 13%
Magic:  9/9        EV:  4    Int:  7    God:    Gozag
Gold:   785        SH: 18    Dex:  9    Spells: 9/9 levels left

rFire    . . .     SeeInvis +   a - +1 war axe
rCold    . . .     Gourm    .   B - +1 large shield
rNeg     . . .     Faith    +   I - +0 plate armour
rPois    .         Spirit   .   (helmet restricted)
rElec    .         Reflect  .   (no cloak)
rCorr    .         Harm     .   m - +0 pair of gloves
MR       +....                  (no boots)
Stlth    ..........             p - amulet "Neliamam" {Faith MR+ SInv}
Regen    0.3/turn               (no ring)
MPRegen  0.2/turn               (no ring)

@: mighty, gold aura, berserk cooldown, slowed, heavily drained, very slow
A: retaliatory headbutt, horns 2, clever 1, MP-powered wands
a: Potion Petition, Call Merchant, Bribe Branch, Renounce Religion


You were on level 1 of the Orcish Mines.
You worshipped Gozag.
Gozag was pleased with you.
You were not hungry.

You visited 3 branches of the dungeon, and saw 11 of its levels.

You collected 1080 gold pieces.
You spent 202 gold pieces at shops.
You paid 93 gold pieces to Gozag.

Inventory:

Hand Weapons
 a - a +1 war axe (weapon)
 d - a +0 whip of flaming
 l - a +0 whip of venom
 s - a +0 blowgun
 y - a +1 spear of piercing
 F - the +1 hand axe of the Bruised Places {freeze, rC+ Str+3}
   (You found it on level 7 of the Dungeon)

   It has been specially enchanted to freeze those struck by it, causing extra
   injury to most foes and up to half again as much damage against particularly
   susceptible opponents.
   It can also slow down cold-blooded creatures.
   It affects your strength (+3).
   It protects you from cold.
Missiles
 n - 5 tomahawks of returning (quivered)
 o - 2 throwing nets
 t - 52 poisoned needles
Armour
 m - a +0 pair of gloves (worn)
 B - a +1 large shield (worn)
 I - a +0 plate armour (worn)
Jewellery
 g - an uncursed amulet of harm
 p - the amulet "Neliamam" (around neck) {Faith MR+ SInv}
   (You found it on level 5 of the Dungeon)

   [amulet of faith]

   It allows you to gain divine favour quickly.
   It affects your resistance to hostile enchantments.
   It lets you see invisible.
 D - an uncursed amulet of harm
Wands
 i - a wand of lightning (8/15)
 H - a wand of confusion (29/48)
Scrolls
 h - 4 scrolls of identify
 j - 2 scrolls of teleportation
 u - 5 scrolls of remove curse
 G - a scroll of fear {unknown}
Potions
 b - a potion of resistance
 c - a potion of flight {unknown}
 e - 2 potions of agility
 q - a potion of brilliance {unknown}
 w - a potion of curing
 x - 3 potions of lignification {unknown}
 C - 4 potions of mutation
Books
 E - a book of Frost

   Spells                             Type                      Level
   a - Freeze                         Ice                          1
   b - Throw Frost                    Conjuration/Ice              2
   c - Ozocubu's Armour               Charms/Ice                   3
   d - Throw Icicle                   Conjuration/Ice              4
   e - Summon Ice Beast               Ice/Summoning                4
Comestibles
 f - 3 bread rations
 v - 7 royal jellies


   Skills:
 + Level 7.5(5.3) Fighting
 + Level 10.8(8.5) Axes
 + Level 0.2(0.0) Throwing
 + Level 8.5(6.3) Armour
 + Level 3.1(1.2) Dodging
 + Level 0.1(0.0) Stealth
 + Level 9.7(7.5) Shields


You had 9 spell levels left.
You didn't know any spells.

Dungeon Overview and Level Annotations

Branches:
Dungeon (9/15)             Temple (1/1) D:5             Orc (1/2) D:9
   Lair: D:8-11

Altars:
Ashenzari
Cheibriados
Dithmenos
Elyvilon
Gozag
Hepliaklqana
Kikubaaqudgha
Makhleb
Nemelex Xobeh
Qazlal
Sif Muna
Trog
Yredelemnul
The Shining One

Shops:
D:5 *   D:6 =   D:7 :


Innate Abilities, Weirdness & Mutations

You reflexively headbutt those who attack you in melee.
You have a pair of horns on your head.
Your mind is acute. (Int +2)
You expend magic power (3 MP) to strengthen your wands.


Message History

The orc warrior barely misses you.
The orc knight is distracted by the nearby gold.
The orc sorcerer is distracted by the nearby gold.
The orc wizard looks braver for a moment.
The orc knight shouts!
The orc warrior shouts!
An orc comes into view.
You closely miss the orc wizard.
The orc priest shouts!
The orc sorcerer shouts!
Your headbutt misses the orc wizard.
The orc wizard is severely wounded.
You slice the orc!!
You kill the orc!
You slash the orc sorcerer!
The orc sorcerer is no longer distracted by gold.
The orc warrior is no longer distracted by gold.
The orc wizard casts a spell at you. You block the puff of frost.
You block the orc sorcerer's attack.
The orc warrior hits you from afar with a glaive!!!
You die...
Your body crumbles into a pile of gold.

###.. . ....##
..$..# .
#.....# #.....
.#......
#.....##......
#.......o..#
#......oo.##
#....$$oo..#
#...o@<#
####$$.....#
#..o......# $
##o.#.#..##
o######## o.
... .#.# $


You could see an orc knight, an orc sorcerer, 4 orc warriors, an orc priest, an
orc wizard (invisible) and 2 orcs.

Vanquished Creatures
  Pikel (D:4)
  A hippogriff (D:8)
  2 yaks (D:7)
  A human (D:7)
  2 hogs (D:7)
  Grum (D:8)
  A hungry ghost (D:7)
  The ghost of aspa the Magician, an amateur OpWz (D:4)
  4 ice beasts
  3 orc warriors
  A sky beast (D:5)
  A phantom (D:9)
  3 wolves (D:8)
  5 centaurs
  2 big kobolds
  A bullfrog (D:7)
  3 scorpions
  2 howler monkeys
  A crimson imp (D:7)
  3 hounds
  A jelly (D:7)
  An orc priest (Orc:1)
  5 orc wizards
  A centaur skeleton (D:8)
  8 worker ants
  A killer bee zombie (D:5)
  A hound skeleton (D:9)
  11 adders
  A shadow imp (D:7)
  2 oozes
  An adder skeleton (D:3)
  2 worms
  2 dart slugs (D:2)
  2 leopard geckos
  26 orcs
  2 ball pythons
  8 bats
  10 giant cockroaches
  2 goblins
  8 hobgoblins
  2 jackals (D:3)
  3 quokkas
  4 frilled lizards
  A jackal skeleton (D:5)
  19 kobolds
  10 rats
173 creatures vanquished.

Vanquished Creatures (others)
  An adder (D:4)
  3 orcs (D:4)
  A frilled lizard (D:4)
5 creatures vanquished.

Grand Total: 178 creatures vanquished

Notes
Turn   | Place    | Note
-------+----------+-------------------------------------------
     0 | D:1      | dmj the Minotaur Fighter began the quest for the Orb.
     0 | D:1      | Reached XP level 1. HP: 19/19 MP: 0/0
   194 | D:1      | Reached XP level 2. HP: 27/27 MP: 1/1
   781 | D:2      | Reached skill level 3 in Axes
   827 | D:2      | Reached XP level 3. HP: 28/33 MP: 2/2
   908 | D:2      | Found a burning altar of Makhleb.
  1654 | D:3      | Reached XP level 4. HP: 37/40 MP: 3/3
  2255 | D:4      | Reached skill level 4 in Axes
  2302 | D:4      | Noticed aspa's ghost (amateur OpWz)
  2321 | D:4      | Killed aspa's ghost
  2321 | D:4      | Reached skill level 5 in Shields
  2321 | D:4      | Reached XP level 5. HP: 31/46 MP: 4/4
  2525 | D:4      | Reached skill level 5 in Armour
  2613 | D:4      | Noticed a slave
  2614 | D:4      | Noticed Pikel
  2617 | D:4      | Noticed a slave
  2618 | D:4      | Noticed a slave
  2622 | D:4      | Noticed a slave
  2625 | D:4      | Killed Pikel
  2625 | D:4      | Reached skill level 6 in Axes
  2625 | D:4      | Reached skill level 1 in Dodging
  2625 | D:4      | Reached XP level 6. HP: 55/55 MP: 5/5
  2625 | D:4      | Reached XP level 7. HP: 60/60 MP: 6/6
  2701 | D:4      | Gained mutation: You expend magic power (3 MP) to strengthen your wands. [potion of mutation]
  2701 | D:4      | Gained mutation: Your mind is acute. (Int +2) [potion of mutation]
  2873 | D:4      | Reached skill level 5 in Fighting
  3104 | D:5      | Entered Level 5 of the Dungeon
  3104 | D:5      | Found Canal's Assorted Antiques.
  3119 | D:5      | Bought a scroll of enchant armour for 202 gold pieces
  3225 | D:5      | Got a clouded platinum amulet
  3307 | D:5      | Reached skill level 7 in Axes
  3373 | D:5      | Reached XP level 8. HP: 21/68 MP: 7/7
  3633 | D:5      | Found a staircase to the Ecumenical Temple.
  3639 | Temple   | Entered the Ecumenical Temple
  3671 | Temple   | Became a worshipper of Gozag Ym Sagoz the Greedy
  3809 | D:5      | Identified the amulet "Neliamam" {Faith MR+ SInv} (You found it on level 5 of the Dungeon)
  4219 | D:6      | Found Erusoeg's Jewellery Emporium.
  4529 | D:6      | Found a burning altar of Makhleb.
  5072 | D:7      | Reached skill level 8 in Axes
  5133 | D:7      | Found Byoti's Book Shop.
  5687 | D:7      | Reached XP level 9. HP: 31/78 MP: 8/8
  5688 | D:7      | Reached skill level 9 in Axes
  6080 | D:7      | Got a crude hand axe
  6081 | D:7      | Identified the cursed +1 hand axe of the Bruised Places {freeze, rC+ Str+3} (You found it on level 7 of the Dungeon)
  6472 | D:8      | Reached skill level 10 in Axes
  6681 | D:8      | Noticed Grum
  6697 | D:8      | Killed Grum
  7145 | D:9      | Reached XP level 10. HP: 86/86 MP: 9/9
  7424 | D:9      | Found a bloodstained altar of Trog.
  7463 | D:9      | Found a staircase to the Orcish Mines.
  7489 | Orc:1    | Entered Level 1 of the Orcish Mines
  7491 | Orc:1    | Noticed an orc sorcerer
  7497 | Orc:1    | Noticed an orc knight
  7507 | Orc:1    | Mangled by an orc warrior

Skill      XL: |  1  2  3  4  5  6  7  8  9 |
---------------+----------------------------+-----
Fighting       | 4 5 6 7 |  7.5
Axes           | 3 4 6 7 8 10 | 10.8
Armour         | 4 5 6 7 8 |  8.5
Shields        | 4 5 6 7 9 |  9.7
Dodging        | 1 2 3 |  3.1
Throwing       | |  0.2
Stealth        | |  0.1

Action                   |  1- 3 |  4- 6 |  7- 9 | 10-12 || total
-------------------------+-------+-------+-------+-------++-------
Melee: War axe           |   108 |    47 |   278 |    41 ||   474
       Headbutt          |     7 |     7 |    48 |     3 ||    65
Throw: Tomahawk          |       |     2 |       |       ||     2
  Use: Scroll            |     6 |     4 |     6 |     1 ||    17
       Potion            |     1 |     1 |     9 |     4 ||    15
  Eat: Meat ration       |     1 |       |     2 |       ||     3
       Bread ration      |       |       |     2 |       ||     2
       Fruit             |       |       |     1 |       ||     1
Armor: Scale mail        |     5 |       |       |       ||     5
       Chain mail        |    64 |    18 |    74 |       ||   156
       Plate armour      |       |       |    31 |    19 ||    50
Dodge: Dodged            |    34 |    11 |    55 |     2 ||   102
Block: Shield            |    80 |    24 |    94 |       ||   198
       Large shield      |       |       |   146 |    33 ||   179
